AoeStats
← Runxi24

Black Forest

506069051Analyzed
4v4 RM · 20d ago on Sep 12, 2026· 20m 11s· 8 players
Game mode
Random Map
Map size
Large (8 player)
Population
200
Speed
Normal
Resources
Standard
Victory
Conquest
Starting age
Dark Age
Ending age
Imperial Age
RankedLock teamsTeams togetherTeam positionsShared explorationLock speedFull tech treeHidden civsTurbo modeCheats
Victory
Defeat
🇦🇷 Burgundians · Argentina
1344
+13
🇬🇧 Huns · United Kingdom
1309
+14
🇪🇸 Bohemians · Spain
1286
+15
🇫🇷 Teutons · France
1215
+19
🇨🇳 Britons · China
1285
-16
🇺🇸 Persians · United States
1277
-15
🇲🇩 Malay · Moldova
1272
-15
🇫🇷 Wei · France
1265
-15
DUDA
tower rusher = kys
老头
6:39 Loom
9:10 Feudal Age
9:58 Man-at-Arms
10:31 Double-Bit Axe
14:21 Forging
16:41 Scale Mail Armor
18:28 Horse Collar
STABYLO
0:35 Loom
MrBigPotato
0:26 Loom
11:26 Feudal Age
14:25 Man-at-Arms
15:14 Double-Bit Axe
17:24 Forging
Ash
7:15 Loom
10:16 Feudal Age
10:59 Man-at-Arms
12:04 Horse Collar
15:40 Scale Mail Armor
20:22 Forging
Runxi24
5:17 Loom
11:54 Feudal Age
16:12 Castle Age
14:08 Double-Bit Axe
19:27 Horse Collar
lobo
0:49 Loom
8:32 Double-Bit Axe
10:39 Horse Collar
13:40 Wheelbarrow
16:22 Feudal Age
16:24 Man-at-Arms
17:36 Arson
18:49 Forging
19:02 Scale Mail Armor
Connection lost

Rejoining the realm…

Still unreachable

The connection could not be restored.

Session expired

The server has moved on; the page needs a fresh start.